AoeStats
← Ferkus

Arena

509710565Analyzed
2v2 RM · 5d ago on Sep 27, 2026· 100m 26s· 4 players
Game mode
Random Map
Map size
Medium (4 player)
Population
200
Speed
Normal
Resources
Standard
Victory
Conquest
Starting age
Dark Age
Ending age
Imperial Age
RankedLock teamsTeams togetherTeam positionsShared explorationLock speedFull tech treeHidden civsTurbo modeCheats
Victory
Defeat
🇦🇷 Italians · Argentina
1343
+12
🇦🇷 Britons · Argentina
1249
+16
🇹🇼 Varangians · Taiwan
1352
-17
🇬🇧 Bohemians · United Kingdom
1163
-11
gelas14
10:18 Feudal Age
14:09 Castle Age
11:58 Double-Bit Axe
12:01 Horse Collar
15:06 Bow Saw
22:20 Town Watch
24:06 Heavy Plow
28:41 Imperial Age
26:54 Gold Mining
27:55 Padded Archer Armor
28:17 Ballistics
28:35 Wheelbarrow
27:45 Loom
28:42 Stone Mining
30:47 Chemistry
31:17 Stone Shaft Mining
30:34 Loom
32:08 Fletching
33:08 Hand Cart
34:00 Masonry
33:49 Bodkin Arrow
34:45 Pirotechnia
35:16 Conscription
36:28 Leather Archer Armor
36:51 Treadmill Crane
37:41 Architecture
38:37 Two-Man Saw
38:33 Ring Archer Armor
38:30 Bracer
39:22 Coinage
39:57 Onager
41:59 Banking
42:53 Crop Rotation
44:15 Bloodlines
44:06 Husbandry
44:11 Scale Barding Armor
45:19 Chain Barding Armor
45:38 Guilds
45:45 Pikeman
46:26 Squires
46:26 Scale Mail Armor
46:42 Murder Holes
47:00 Fortified Wall
46:46 Murder Holes
47:25 Chain Mail Armor
47:21 Forging
49:00 Thumb Ring
49:57 Hoardings
52:22 Caravan
62:47 Town Patrol
67:07 Plate Barding Armor
67:02 Plate Mail Armor
67:10 Plate Barding Armor
67:05 Plate Mail Armor
66:50 Forging
66:17 Cavalier
67:28 Bombard Tower
70:20 Iron Casting
72:18 Plate Mail Armor
72:48 Blast Furnace
78:32 Capped Ram
92:27 Light Cavalry
93:27 Hussar
Ferkus
10:50 Feudal Age
14:56 Castle Age
12:55 Double-Bit Axe
14:12 Loom
15:04 Fletching
15:15 Horse Collar
16:10 Bow Saw
18:17 Fervor
18:49 Heavy Plow
19:58 Bodkin Arrow
21:06 Loom
22:53 Town Watch
24:00 Sanctity
25:10 Town Patrol
25:18 Padded Archer Armor
25:34 Gold Mining
25:36 Stone Mining
29:37 Imperial Age
27:44 Treadmill Crane
28:17 Masonry
28:54 Ballistics
29:17 Gold Shaft Mining
29:44 Leather Archer Armor
30:44 Wheelbarrow
29:45 Elite Skirmisher
29:47 Crossbowman
30:53 Bracer
31:29 Architecture
35:15 Two-Man Saw
35:20 Chemistry
34:30 Siege Engineers
35:26 Chemistry
34:51 Fortified Wall
34:53 Onager
37:20 Conscription
46:53 Scale Mail Armor
47:04 Forging
46:43 Pikeman
47:23 Squires
48:19 Murder Holes
47:54 Halberdier
48:51 Chain Mail Armor
49:11 Iron Casting
51:53 Plate Mail Armor
52:23 Blast Furnace
52:00 Hand Cart
52:32 Capped Ram
53:47 Caravan
64:22 Arson
64:23 Gambesons
65:11 Plate Mail Armor
65:41 Blast Furnace
65:15 Ring Archer Armor
67:11 Heavy Scorpion
70:10 Hoardings
82:20 Warwolf
82:42 Yeomen
88:21 Sappers
94:31 Scale Barding Armor
dopeegoo
10:40 Feudal Age
9:19 Loom
12:09 Double-Bit Axe
14:26 Castle Age
15:58 Bow Saw
16:04 Horse Collar
26:40 Scale Mail Armor
27:27 Arson
29:12 Squires
29:51 Forging
32:58 Imperial Age
31:51 Chain Mail Armor
32:12 Iron Casting
32:35 Gambesons
33:51 Wheelbarrow
33:35 Fletching
34:47 Bodkin Arrow
34:53 Padded Archer Armor
34:51 Elite Skirmisher
35:33 Bracer
36:50 Town Watch
42:46 Leather Archer Armor
43:53 Guilds
50:36 Town Watch
55:33 Elite Varangian Guard
56:53 Hand Cart
56:59 Gambesons
58:00 Gold Mining
59:38 Caravan
61:20 Plate Mail Armor
62:44 Blast Furnace
73:03 Ring Archer Armor
77:53 Chemistry
76:26 Pikeman
81:36 Capped Ram
87:28 Halberdier
100:20 Ballistics
GuptaTheFigher
11:08 Feudal Age
14:57 Castle Age
13:18 Double-Bit Axe
13:15 Horse Collar
18:48 Fervor
20:12 Loom
23:12 Bow Saw
23:13 Town Watch
26:45 Wheelbarrow
29:15 Imperial Age
27:30 Heavy Plow
30:53 Chemistry
30:06 Masonry
31:28 Siege Engineers
31:50 Hand Cart
35:39 Two-Man Saw
35:59 Elite Hussite Wagon
38:51 Light Cavalry
40:24 Conscription
40:14 Scale Barding Armor
40:20 Forging
39:53 Cavalier
40:34 Husbandry
42:06 Chain Barding Armor
42:21 Iron Casting
50:39 Blast Furnace
50:27 Town Patrol
57:07 Fletching
64:28 Guilds
69:24 Caravan
75:46 Houfnice
81:23 Bodkin Arrow
85:40 Bracer
Connection lost

Rejoining the realm…

Still unreachable

The connection could not be restored.

Session expired

The server has moved on; the page needs a fresh start.